 Dungeon Crawl Stone Soup version 0.23.2-1-ga50397a (webtiles) character file.

Game seed: 1429575160700653237

346 IBeShadow the Insei (level 6, -4/42 HPs)
             Began as an Octopode Transmuter on May 23, 2019.
             Slain by a centaur (10 damage)
             ... on level 6 of the Dungeon.
             The game lasted 00:07:30 (5647 turns).

IBeShadow the Insei (Octopode Transmuter)           Turns: 5647, Time: 00:07:31

Health: -4/42      AC:  1    Str: 13    XL:     6   Next: 59%
Magic:  9/9        EV: 13    Int: 18    God:
Gold:   209        SH:  0    Dex: 12    Spells: 6/9 levels left

rFire    . . .     SeeInvis .     - Unarmed
rCold    . . .     Gourm    .   (no shield)
rNeg     . . .     Faith    .   (helmet restricted)
rPois    .         Spirit   .   j - amulet of magic regeneration
rElec    .         Reflect  .   k - +4 ring of strength
rCorr    .         Harm     .   t - ring of flight
MR       .....                  (no ring)
Stlth    +++.......             (no ring)
HPRegen  0.14/turn              (no ring)
MPRegen  0.36/turn              (no ring)
                                (no ring)
                                (no ring)

@: no status effects
A: almost no armour, stealthy swim, amphibious, 8 rings, constrict 8, camouflage
1, gelatinous body 1
a: Evoke Flight


You were on level 6 of the Dungeon.
You were near starving.

You visited 1 branch of the dungeon, and saw 6 of its levels.

You collected 209 gold pieces.

Inventory:

Hand Weapons
 w - the +9 dagger of Lieheom {speed, rN+ Int+4, unknown}
   (You found it on level 4 of the Dungeon)

   Attacks with this weapon are significantly faster.
   It affects your intelligence (+4).
   It protects you from negative energy.
Missiles
 a - 40 arrows
Jewellery
 j - an amulet of magic regeneration (around mantle)
 k - a +4 ring of strength (left tentacle)
 t - a ring of flight (right tentacle)
Wands
 l - a wand of flame (9)
 s - a wand of random effects (19)
Scrolls
 d - a scroll of fear
 e - 2 scrolls of enchant weapon {unknown}
 f - a scroll of enchant armour
 g - a scroll of identify
 o - 3 scrolls of random uselessness {unknown}
 p - 2 scrolls of remove curse
 q - a scroll of magic mapping {unknown}
 r - 5 scrolls of teleportation {unknown}
 u - a scroll of amnesia {unknown}
Potions
 b - a potion of flight {unknown}
 h - a potion of curing {unknown}
 i - a potion of agility {unknown}
 m - 2 potions of haste {unknown}
 n - a potion of brilliance {unknown}
 v - a potion of lignification {unknown}
 x - a potion of mutation {unknown}
Comestibles
 c - 11 rations


   Skills:
 + Level 3.3 Fighting
 - Level 2.0 Dodging
 + Level 1.0 Stealth
 * Level 5.8 Unarmed Combat
 - Level 2.0 Spellcasting
 + Level 3.0 Transmutations


You had 6 spell levels left.
You knew the following spells:

 Your Spells              Type           Power        Failure   Level  Hunger
a - Beastly Appendage     Tmut           ##....       5%          1    #......
b - Sticks to Snakes      Tmut           ##......     8%          2    ###....

Your spell library contained the following spells:

 Spells                   Type           Power        Failure   Level  Hunger
 Spider Form              Tmut/Pois      #.........   28%         3    ###....
 Ice Form                 Ice/Tmut       #.......     67%         4    #####..
 Blade Hands              Tmut           ##........   82%         5    ######.


Dungeon Overview and Level Annotations

Branches:
Dungeon (5/15)             Temple (0/1) D:4

Altars:
Cheibriados
Dithmenos
Elyvilon
Fedhas
Hepliaklqana
Ru

Annotations:
D:4 2 runed translucent doors, MollyMolluskus's ghost, novice OpAr


Innate Abilities, Weirdness & Mutations

You cannot wear most types of armour.
You are very stealthy in the water. (Stealth+)
You are amphibious.
You can wear up to eight rings at the same time.
You can use your tentacles to constrict eight enemies at once.
Your skin changes colour to match your surroundings (Stealth+).
Your rubbery body absorbs attacks. (AC +1, EV +1)


Message History

The centaur unwields a +0 shortbow.
The centaur closely misses you.
You tentacle-slap the centaur.
The centaur is lightly wounded.
Your ball python withers and dies!
The centaur hits you.
You bludgeon the centaur!
The centaur is heavily wounded.
The centaur barely misses you.
You tentacle-slap the centaur but do no damage.
Your squeeze misses the centaur.
The centaur is heavily wounded.
The centaur hits you.
* * * LOW HITPOINT WARNING * * *
The centaur hits you.
* * * LOW HITPOINT WARNING * * *
You tentacle-slap the centaur but do no damage.
You squeeze the centaur.
The centaur is severely wounded.
The centaur hits you!
You die...

### .... ##..#
...# #..# ##...#
#. ##.c.# #..
##.@.# #.#
##$(.###.
#..####...#......
#................
##............#..
#...)......### .
#........###
##.....##..# .##
##...### o...


You could see a centaur.

Vanquished Creatures
  A bullfrog skeleton (D:5)
  A centaur skeleton (D:4)
  An orc wizard (D:3)
  An iguana (D:4)
  2 worker ants
  Robin (D:2)
  9 adders
  2 worms
  4 dart slugs
  2 leopard geckos
  6 orcs (D:3)
  A giant cockroach (D:1)
  15 goblins
  14 hobgoblins
  A ball python (D:2)
  4 bats
  5 frilled lizards
  6 kobolds
  6 rats
82 creatures vanquished.

Notes
Turn   | Place    | Note
-------+----------+-------------------------------------------
     0 | D:1      | IBeShadow the Octopode Transmuter began the quest for the
                  | Orb.
     0 | D:1      | Reached XP level 1. HP: 13/13 MP: 3/3
   578 | D:1      | Reached XP level 2. HP: 18/18 MP: 5/5
  1124 | D:2      | Reached XP level 3. HP: 7/24 MP: 6/6
  1441 | D:2      | Reached skill level 4 in Unarmed Combat
  1760 | D:2      | Reached XP level 4. HP: 25/29 MP: 7/7
  1802 | D:2      | Noticed Robin
  2181 | D:2      | Killed Robin
  2597 | D:2      | Reached XP level 5. HP: 19/35 MP: 8/8
  2864 | D:2      | Found a sacrificial altar of Ru.
  2865 | D:2      | Found a shadowy altar of Dithmenos.
  2866 | D:2      | Found a white marble altar of Elyvilon.
  2866 | D:2      | Found a hazy altar of Hepliaklqana.
  3018 | D:3      | Reached skill level 5 in Unarmed Combat
  3372 | D:3      | Found a snail-covered altar of Cheibriados.
  4294 | D:4      | Reached XP level 6. HP: 34/42 MP: 9/9
  4349 | D:4      | Learned a level 2 spell: Sticks to Snakes
  4747 | D:4      | Found a staircase to the Ecumenical Temple.
  5028 | D:4      | Found a runed translucent door.
  5052 | D:4      | Found a runed translucent door.
  5100 | D:4      | Noticed MollyMolluskus's ghost (novice OpAr)
  5118 | D:4      | Got a fine dagger
  5238 | D:5      | Entered Level 5 of the Dungeon
  5348 | D:5      | Reached skill level 1 in Stealth
  5430 | D:5      | You fall through a shaft!
  5620 | D:6      | Found a blossoming altar of Fedhas.
  5647 | D:6      | Slain by a centaur

Skill      XL: |  1  2  3  4  5  6 |
---------------+-------------------+-----
Unarmed Combat | 4 5 |  5.8
Fighting       | 2 3 |  3.3
Stealth        | 1 |  1.0
Transmutations | 3 |  3.0
Dodging        | |  2.0
Spellcasting   | |  2.0

Action                   |  1- 3 |  4- 6 || total
-------------------------+-------+-------++-------
Melee: Unarmed           |    61 |   151 ||   212
       Constrict         |    15 |    36 ||    51
       Tentacles         |    12 |    28 ||    40
       Punch             |     5 |     6 ||    11
 Cast: Sticks to Snakes  |       |     3 ||     3
  Use: Scroll            |       |     3 ||     3
 Stab: Sleeping          |     1 |     3 ||     4
  Eat: Chunk             |     3 |    10 ||    13
Armor: Skin              |     6 |     7 ||    13
Dodge: Dodged            |    41 |    85 ||   126
